Map: Arctic Flowers LE

Players

PREDATORS

  • Race: Protoss Protoss
  • Spawn Location: 7:00

Alexandre

  • Race: Terran Terran
  • Spawn Location: 7:00

Thcarek

  • Race: Protoss Protoss
  • Spawn Location: 1:00

Gerlex

  • Race: Terran Terran
  • Spawn Location: 1:00

VOD

Have the link to the VOD?

Description

Time

  • Played on: Nov. 29, 2024, 11:48 a.m.
  • Length: 14:05
Show
View Real Time Build Order
Export as new Build Order

PREDATORS Protoss 

Build Orders: Nexus First, Zealot Archon 

Get SALT Encoding   

  12  0:43  Probe  
  13  0:52  Nexus  
  13  0:56  Probe  
  14  1:08  Probe  
  15  1:16  Pylon  
  15  1:38  Gateway  
  15  1:40  Forge  
  15  1:42  Pylon  
  15  1:54  Probe  
  16  2:02  Probe  
  16  2:03  Assimilator  
  16  2:07  Assimilator, Probe  
  17  2:12  Probe  
  17  2:15  Probe  
  20  2:24  Probe x2  
  22  2:31  Cybernetics Core  
  22  2:36  Probe  
  23  2:38  Pylon  
  23  2:43  Photon Cannon  
  23  2:47  Probe  
  24  2:52  Probe  
  25  2:59  Probe  
  25  3:00  Probe  
  27  3:08  Photon Cannon  
  27  3:09  Probe  
  28  3:17  Probe  
  28  3:20  Assimilator  
  28  3:22  Warp Gate  
  28  3:25  Probe  
  29  3:30  Twilight Council  
  30  3:37  Probe  
  31  3:45  Assimilator  
  31  3:49  Probe  
  31  3:50  Gateway  
  32  4:01  Probe  
  33  4:09  Charge  
  33  4:12  Probe  
  33  4:13  Dark Shrine  
  34  4:20  Probe  
  35  4:25  Pylon  
  35  4:28  Probe  
  35  4:29  Pylon  
  35  4:36  Photon Cannon  
  36  4:40  Probe  
  37  4:48  Gateway  
  37  4:52  Probe  
  38  4:57  Photon Cannon  
  38  5:04  Probe  
  39  5:14  Gateway  
  39  5:16  Probe, Zealot  
  39  5:18  Zealot  
  44  5:28  Probe  
  44  5:30  Gateway  
  44  5:34  Pylon  
  45  5:39  Pylon  
  45  5:40  Probe  
  46  5:43  Dark Templar  
  46  5:44  Dark Templar  
  50  5:52  Dark Templar, Probe  
  53  6:01  Gateway  
  53  6:08  Pylon  
  53  6:10  Photon Cannon  
  53  6:11  Dark Templar  
  55  6:19  Dark Templar  
  55  6:20  Dark Templar  
  59  6:27  Zealot  
  59  6:28  Zealot  
  63  6:46  Pylon  
  63  6:48  Dark Templar  
  63  6:49  Dark Templar  
  63  6:50  Dark Templar  
  69  6:54  Dark Templar  
  69  6:55  Dark Templar  
  73  7:01  Pylon  
  69  7:27  Archon  
  69  7:30  Archon  
  69  7:50  Dark Templar  
  69  7:51  Dark Templar  
  73  7:52  Dark Templar  
  73  7:53  Dark Templar  
  73  7:55  Dark Templar  
  73  7:56  Dark Templar  
  81  8:04  Archon x2, Pylon  
  81  8:07  Archon  
  81  8:11  Protoss Ground Weapons Level 1  
  81  8:12  Archon x3  
  81  8:29  Dark Templar  
  81  8:30  Dark Templar  
  81  8:32  Dark Templar  
  81  8:33  Dark Templar  
  89  8:36  Dark Templar  
  91  8:46  Dark Templar  
  93  8:49  Archon  
  93  8:50  Archon  
  93  9:06  Zealot  
  93  9:07  Zealot  
  93  9:08  Zealot  
  93  9:09  Zealot  
  101  9:10  Zealot  
  103  9:31  Archon  
  51  10:13  Protoss Ground Armor Level 1  
  43  10:15  Dark Templar  
  43  10:16  Dark Templar  
  43  10:18  Dark Templar  
  43  10:20  Dark Templar  
  51  10:22  Dark Templar  
  51  10:23  Dark Templar  
  55  10:35  Archon x3  
  55  10:59  Stalker  
  55  11:00  Stalker  
  55  11:01  Stalker  
  55  11:03  Stalker  
  63  11:04  Stalker  
  63  11:06  Stalker  
  67  11:12  Stargate  
  67  11:16  Stargate  
  67  11:40  Stalker  
  67  11:42  Stalker  
  67  11:43  Stalker  
  67  11:45  Dark Templar  
  67  11:46  Nexus, Dark Templar  
  77  11:56  Pylon  
  77  11:57  Phoenix  
  79  12:06  Archon  
  79  12:14  Assimilator  
  79  12:22  Phoenix  
  55  12:32  Phoenix  
  48  12:44  Dark Templar  
  48  12:46  Zealot  
  48  12:47  Phoenix, Zealot  
  48  12:48  Zealot  
  58  12:57  Phoenix  
  59  13:03  Probe  
  45  13:15  Probe  
  28  13:27  Probe  
  27  13:36  Probe  
  26  13:43  Nexus  
  26  13:44  Probe  
  26  13:53  Gateway  
  27  14:01  Pylon  
Show
View Real Time Build Order
Export as new Build Order

Alexandre Terran 

Build Orders: Command Center First 

Get SALT Encoding   

  12  0:02  SCV  
  13  0:32  Supply Depot  
  13  0:34  SCV  
  14  0:47  SCV  
  15  1:02  Refinery  
  15  1:08  Command Center  
  15  1:12  Refinery  
  15  1:21  SCV  
  16  1:47  Barracks  
  16  2:17  SCV  
  17  2:29  SCV  
  18  2:41  SCV, Marine  
  20  2:51  Refinery  
  20  2:53  SCV  
  20  2:55  Refinery  
  20  2:56  SCV  
  20  2:57  Factory  
  22  2:59  Marine  
  22  3:05  SCV  
  24  3:08  SCV  
  25  3:17  SCV  
  26  3:20  SCV  
  27  3:38  SCV  
  27  3:39  SCV  
  29  3:41  Factory Tech Lab, Starport  
  29  3:49  Supply Depot  
  29  3:51  Supply Depot  
  29  4:00  SCV x2  
  31  4:12  SCV x2  
  33  4:24  SCV  
  33  4:25  SCV, Starport  
  35  4:33  Fusion Core  
  35  4:39  Orbital Command  
  35  4:46  SCV  
  36  4:56  Supply Depot  
  36  4:57  Supply Depot  
  36  4:58  SCV  
  36  4:59  Factory Tech Lab  
  37  5:01  Starport Tech Lab  
  37  5:10  SCV  
  44  5:21  Battlecruiser  
  44  5:26  Weapon Refit  
  44  5:58  Battlecruiser  
  50  6:21  SCV  
  50  6:22  Command Center  
  51  6:26  Orbital Command  
  51  6:30  Battlecruiser  
  57  6:33  SCV  
  58  6:41  Starport  
  58  6:55  Supply Depot  
  58  6:56  Supply Depot  
  58  7:02  Battlecruiser  
  64  7:49  Starport Reactor  
  64  7:57  Viking  
  66  8:04  Armory  
  66  8:16  Viking  
  68  8:27  Viking  
  68  8:30  Armory  
  68  8:33  SCV  
  68  8:34  SCV  
  72  8:45  SCV  
  72  8:46  SCV x2, Viking  
  77  8:56  Viking  
  77  8:57  Viking  
  77  8:58  SCV x2  
  77  9:02  Terran Ship Weapons Level 1  
  83  9:09  Battlecruiser  
  89  10:12  Viking x2, Battlecruiser  
  99  11:01  Battlecruiser  
  81  11:16  Viking  
  81  11:17  Viking x2  
  87  11:27  Terran Ship Weapons Level 2, Terran Vehicle And Ship Armor Level 1  
  87  11:30  Starport x2  
  87  11:40  Engineering Bay  
  87  11:42  Supply Depot  
  87  11:43  Supply Depot x2  
  87  11:46  Supply Depot  
  87  11:55  Starport  
  87  11:58  Starport  
  87  12:17  Starport Tech Lab  
  87  12:18  Starport Reactor  
  87  12:20  Battlecruiser  
  87  12:21  Battlecruiser  
  87  12:22  Viking x2  
  97  12:58  Viking  
  97  12:59  Viking x5  
  85  13:31  Viking x2  
  85  13:32  Viking x2  
  85  13:33  Viking  
  99  13:44  Starport Tech Lab  
Show
View Real Time Build Order
Export as new Build Order

Thcarek Protoss 

Build Orders: 1 Gate Expand, Carriers 

Get SALT Encoding   

  1  0:00  Probe  
  12  0:06  Probe  
  14  0:16  Probe  
  15  0:28  Pylon  
  15  0:30  Assimilator  
  15  0:46  Probe  
  16  0:52  Gateway  
  16  0:58  Probe  
  17  1:10  Probe  
  18  1:23  Probe  
  19  1:26  Nexus  
  19  1:31  Probe  
  19  1:36  Assimilator  
  19  1:39  Probe  
  20  1:41  Pylon  
  21  1:54  Cybernetics Core  
  21  2:05  Gateway  
  22  2:08  Probe  
  22  2:20  Probe  
  23  2:32  Probe, Stargate  
  23  2:35  Pylon  
  23  2:36  Warp Gate  
  24  2:41  Probe  
  25  2:44  Probe  
  25  2:49  Probe  
  26  2:57  Probe  
  26  2:58  Probe  
  28  3:01  Pylon  
  29  3:06  Assimilator  
  29  3:09  Probe  
  29  3:10  Probe  
  31  3:13  Stalker  
  31  3:19  Probe, Stalker  
  35  3:22  Probe  
  37  3:27  Probe  
  37  3:34  Probe  
  39  3:36  Probe  
  40  3:44  Stalker  
  40  3:46  Probe  
  43  3:48  Probe  
  44  3:57  Assimilator  
  44  3:58  Probe  
  44  4:00  Probe  
  46  4:03  Nexus  
  46  4:07  Pylon  
  46  4:13  Probe  
  46  4:14  Pylon  
  47  4:22  Void Ray  
  51  4:25  Probe  
  51  4:28  Stalker  
  51  4:31  Stalker  
  56  4:37  Probe  
  57  4:44  Pylon  
  57  4:49  Probe  
  58  4:54  Forge  
  58  4:56  Pylon  
  58  4:58  Gateway  
  58  5:01  Probe  
  58  5:05  Void Ray  
  63  5:11  Robotics Facility  
  63  5:12  Probe  
  63  5:13  Probe  
  64  5:16  Probe  
  66  5:23  Stalker  
  66  5:24  Probe  
  66  5:27  Protoss Shields Level 1  
  66  5:28  Probe  
  70  5:36  Probe  
  70  5:42  Photon Cannon x2  
  71  5:44  Photon Cannon  
  71  5:48  Probe  
  71  5:49  Probe  
  73  5:50  Photon Cannon  
  73  6:01  Probe  
  73  6:02  Assimilator  
  73  6:04  Assimilator  
  74  6:12  Shield Battery  
  74  6:13  Probe  
  74  6:17  Probe, Protoss Air Weapons Level 1  
  76  6:20  Stalker x2  
  76  6:25  Void Ray, Probe  
  85  6:29  Probe  
  86  6:37  Probe, Fleet Beacon  
  87  6:40  Pylon  
  87  6:41  Probe, Pylon  
  87  6:44  Pylon  
  88  6:49  Probe  
  88  6:52  Pylon, Immortal  
  88  6:53  Probe  
  94  6:56  Pylon  
  94  6:59  Probe  
  94  7:03  Protoss Ground Weapons Level 1  
  94  7:05  Probe  
  94  7:07  Probe  
  97  7:16  Probe  
  97  7:18  Stalker x2  
  97  7:19  Stalker  
  104  7:27  Carrier  
  104  7:28  Probe  
  111  7:40  Probe  
  112  7:49  Observer  
  113  7:51  Stalker  
  113  7:52  Stalker x2  
  119  8:06  Observer  
  119  8:10  Stargate  
  119  8:12  Stargate  
  120  8:16  Gateway  
  120  8:19  Carrier  
  120  8:24  Observer  
  121  8:28  Twilight Council, Stalker x3, Pylon  
  121  8:30  Pylon  
  121  8:32  Pylon  
  133  8:42  Observer  
  134  8:54  Protoss Ground Armor Level 1  
  134  9:00  Carrier x2  
  134  9:13  Protoss Air Armor Level 1  
  134  9:15  Carrier  
  152  9:30  Stalker  
  152  9:31  Stalker x3  
  160  9:47  Immortal  
  152  10:10  Carrier  
  152  10:18  Carrier  
  158  10:27  Immortal  
  168  10:30  Stalker x2  
  172  10:38  Protoss Shields Level 2  
  172  10:44  Pylon  
  172  10:45  Pylon  
  172  10:47  Pylon, Carrier  
  172  10:49  Pylon  
  168  11:06  Immortal  
  170  11:11  Protoss Air Weapons Level 2  
  170  11:45  Immortal  
  174  11:49  Tempest  
  174  11:58  Tempest x2  
  176  12:32  Tempest  
  180  12:41  Tempest  
  184  12:52  Stalker x3  
  184  12:53  Stalker  
  192  12:59  Tempest  
  196  13:15  Tempest  
Show
View Real Time Build Order
Export as new Build Order

Gerlex Terran 

Build Orders:  

Get SALT Encoding   

  12  0:02  SCV  
  13  0:19  Supply Depot  
  13  0:23  SCV  
  14  0:35  SCV  
  15  0:43  Barracks  
  15  1:09  Command Center  
  15  1:17  Refinery  
  15  1:26  SCV  
  16  1:37  Marine  
  16  1:38  SCV  
  18  1:50  SCV  
  18  1:51  Supply Depot  
  19  1:58  Marine  
  20  2:02  SCV  
  21  2:14  SCV, Supply Depot  
  22  2:16  Marine  
  22  2:20  Refinery  
  23  2:24  SCV  
  23  2:26  SCV  
  25  2:34  Marine  
  26  2:40  Factory  
  26  2:43  SCV  
  27  2:53  SCV  
  27  2:55  SCV  
  29  3:05  SCV  
  29  3:07  SCV  
  31  3:13  Marine  
  31  3:17  SCV  
  31  3:19  SCV  
  34  3:24  Factory Tech Lab  
  34  3:29  Armory  
  34  3:30  SCV  
  35  3:38  Factory  
  35  3:40  Marine  
  36  3:42  SCV  
  36  3:46  Siege Tank  
  40  3:54  SCV  
  41  3:58  Marine  
  41  4:01  Orbital Command  
  42  4:06  SCV  
  43  4:17  Engineering Bay  
  43  4:18  Siege Tank  
  46  4:27  Factory Tech Lab  
  46  4:31  Supply Depot, Terran Vehicle Weapons Level 1  
  46  4:35  SCV  
  47  4:42  Command Center  
  47  4:47  SCV  
  47  4:51  Widow Mine  
  50  4:57  Missile Turret  
  50  5:02  Missile Turret  
  50  5:03  Marine  
  50  5:07  Widow Mine  
  53  5:10  SCV  
  53  5:12  Refinery  
  54  5:18  Supply Depot  
  54  5:20  Marine  
  55  5:29  Starport, SCV  
  56  5:37  SCV  
  57  5:49  SCV  
  58  5:50  Supply Depot  
  58  5:51  Thor, Missile Turret  
  64  6:01  SCV  
  65  6:05  SCV  
  65  6:07  Starport Reactor  
  65  6:10  Supply Depot  
  66  6:12  Widow Mine  
  66  6:13  SCV  
  66  6:17  SCV  
  70  6:25  Terran Vehicle And Ship Armor Level 1, SCV  
  70  6:29  SCV  
  70  6:31  Supply Depot  
  72  6:38  SCV  
  73  6:40  Missile Turret  
  73  6:41  SCV  
  74  6:50  SCV  
  74  6:53  Siege Tank, SCV  
  79  7:02  SCV  
  79  7:05  SCV  
  79  7:08  Thor  
  87  7:10  Supply Depot  
  87  7:11  Viking x2  
  84  7:35  Missile Turret  
  84  7:36  Planetary Fortress  
  80  7:37  Missile Turret  
  80  7:38  Missile Turret  
  80  7:49  Viking  
  82  8:08  Refinery  
  82  8:10  Viking  
  84  8:13  Missile Turret  
  84  8:19  Terran Vehicle Weapons Level 2  
  84  8:22  SCV  
  84  8:26  Missile Turret  
  85  8:34  SCV  
  86  8:44  Missile Turret  
  86  8:45  Missile Turret  
  86  8:47  SCV  
  87  8:49  Missile Turret  
  87  8:59  SCV  
  87  9:02  Viking x2  
  92  9:09  Armory  
  92  9:11  SCV  
  93  9:24  SCV  
  93  9:27  Refinery  
  93  9:29  Missile Turret  
  93  9:30  SCV  
  95  9:31  Missile Turret  
  95  9:32  Viking  
  95  9:33  Refinery  
  97  9:42  SCV  
  71  10:04  Thor x2  
  83  10:17  Planetary Fortress  
  83  10:20  Missile Turret  
  83  10:22  Terran Vehicle And Ship Armor Level 2  
  83  10:23  Supply Depot  
  83  10:26  Viking x2  
  83  10:27  Missile Turret  
  70  11:12  SCV  
  71  11:22  Missile Turret  
  71  11:23  Missile Turret  
  71  11:24  SCV  
  72  11:27  Missile Turret  
  72  11:28  SCV  
  72  11:31  Missile Turret  
  73  11:36  Command Center, SCV  
  73  11:37  Thor x2  
  73  11:39  Viking x2  
  90  11:48  SCV  
  91  12:01  SCV  
  92  12:04  Missile Turret  
  92  12:09  Viking  
  94  12:20  Widow Mine  
  95  12:35  Missile Turret  
  93  13:06  Marine  
  94  13:24  Marine  
  95  13:59  Command Center  
Tags
 
Add a new tag
Caveats
  • Supply blocks, unpowered buildings, or Contaminate may cause inaccurate times.
  • Supply counts are checked every 10 seconds.